 Dungeon Crawl Stone Soup version 0.21.1-1-g345015f (webtiles) character file.

119 Iko the Charmwright (level 4, -4/37 HPs)
             Began as a Centaur Skald on June 2, 2018.
             Was an Initiate of Wu Jian.
             Slain by a bullfrog (6 damage)
             ... on level 6 of the Dungeon.
             The game lasted 00:08:54 (783 turns).

Iko the Charmwright (Centaur Skald)                  Turns: 783, Time: 00:08:55

Health: -4/37      AC:  5    Str: 15    XL:     4   Next: 73%
Magic:  7/7        EV:  9    Int: 16    God:    Wu Jian [......]
Gold:   59         SH:  0    Dex: 12    Spells: 4/7 levels left

rFire    . . .     SeeInvis .   l - +0 whip (elec)
rCold    . . .     Gourm    .   (no shield)
rNeg     . . .     Faith    .   k - +0 ring mail
rPois    .         Spirit   .   (no helmet)
rElec    .         Reflect  .   (no cloak)
rCorr    .         Harm     .   (no gloves)
MR       .....                  (no barding)
Stlth    ..........             (no amulet)
HPRegen  0.12/turn              f - +2 ring of intelligence
MPRegen  0.10/turn              (no ring)

@: very quick
A: large, hooves 3, agile 1, clever 1, deformed body, speed 2, strong 1, tough
skin 3
a: Renounce Religion


You were on level 6 of the Dungeon.
You worshipped Wu Jian.
Wu Jian was noncommittal.
You were not hungry.

You visited 1 branch of the dungeon, and saw 6 of its levels.

You collected 59 gold pieces.

Inventory:

Hand Weapons
 j - a +0 arbalest
 l - a +0 whip of electrocution (weapon)
Armour
 k - a +0 ring mail (worn)
Jewellery
 f - a +2 ring of intelligence (left hand)
Wands
 g - a wand of digging (9)
Scrolls
 a - a scroll of remove curse
 h - a scroll of blinking
 i - a scroll of teleportation
Potions
 e - a potion of haste
Books
 c - a book of Battle

   Spells                             Type                      Level
   a - Infusion                       Charms                       1
   b - Shroud of Golubria             Charms/Translocation         2
   c - Song of Slaying                Charms                       2
   d - Spectral Weapon                Hexes/Charms                 3
   e - Regeneration                   Charms/Necromancy            3
Comestibles
 d - 3 rations


   Skills:
 + Level 2.4 Fighting
 + Level 0.2 Maces & Flails
   Level 2.1 Polearms
 + Level 1.0 Armour
 + Level 2.1 Dodging
 + Level 0.1 Stealth
 + Level 2.4 Spellcasting
 + Level 3.2 Charms


You had 4 spell levels left.
You knew the following spells:

 Your Spells              Type           Power        Failure   Level  Hunger
a - Infusion              Chrm           ##..         11%         1    #......
b - Song of Slaying       Chrm           ##......     16%         2    ###....


Dungeon Overview and Level Annotations

Branches:
Dungeon (6/15)             Temple (0/1) D:5

Altars:
Wu Jian


Innate Abilities, Weirdness & Mutations

You have hooves in place of feet.
Armour fits poorly on your strangely shaped body.
You cover ground very quickly.
You have extremely tough skin. (AC +3)
You are agile. (Dex +2)
Your mind is acute. (Int +2)
Your muscles are strong. (Str +2)


Message History

The bullfrog hits you.
The bullfrog hits you but does no damage.
You completely miss the bullfrog.
The bullfrog is severely wounded.
The bullfrog hits you. The bullfrog barely misses you.
You miss the bullfrog. Your kick misses the bullfrog.
The bullfrog is severely wounded.
The bullfrog misses you.
You closely miss the bullfrog.
The bullfrog is severely wounded.
The bullfrog hits you. x2
* * * LOW HITPOINT WARNING * * *
You closely miss the bullfrog. Your kick misses the bullfrog.
The bullfrog is severely wounded.
The bullfrog hits you.
* * * LOW HITPOINT WARNING * * *
You hit the bullfrog.
The bullfrog is almost dead.
The bullfrog barely misses you. The bullfrog hits you.
You die...

#### #########
##..## #
......).###....##.#
......F@'.........#
........###....####
..# .......##
##..## #.# #.....#
#.## #.# ##...# #.#
#.# ##+# #.#
#.########.# #.#
#.#........# #.#
###.#.#####..####
#.#


You could see a bullfrog.

Vanquished Creatures
  A worker ant (D:5)
  2 adders
  4 gnolls (D:3)
  A shadow imp (D:6)
  A worm (D:3)
  A dart slug (D:3)
  3 leopard geckos
  2 orcs (D:3)
  3 bats
  2 goblins (D:3)
  2 hobgoblins
  3 kobolds
  2 rats (D:2)
27 creatures vanquished.

Notes
Turn   | Place    | Note
-------+----------+-------------------------------------------
     0 | D:1      | Iko the Centaur Skald began the quest for the Orb.
     0 | D:1      | Reached XP level 1. HP: 17/17 MP: 3/3
   148 | D:2      | Reached XP level 2. HP: 21/24 MP: 0/4
   231 | D:3      | Learned a level 2 spell: Song of Slaying
   259 | D:3      | Gained mutation: Your muscles are strong. (Str +2) [potion of mutation]
   259 | D:3      | Gained mutation: You are agile. (Dex +2) [potion of mutation]
   259 | D:3      | Gained mutation: Your mind is acute. (Int +2) [potion of mutation]
   367 | D:3      | Found an ornate altar of the Wu Jian Council.
   382 | D:3      | Reached XP level 3. HP: 24/29 MP: 0/5
   383 | D:3      | Reached skill level 3 in Charms
   414 | D:3      | Reached XP level 4. HP: 31/36 MP: 2/7
   438 | D:3      | Became a worshipper of the Wu Jian Council
   596 | D:5      | Entered Level 5 of the Dungeon
   608 | D:5      | Reached skill level 1 in Armour
   623 | D:5      | Found a staircase to the Ecumenical Temple.
   771 | D:6      | Noticed a bullfrog
   783 | D:6      | Slain by a bullfrog

Skill      XL: |  1  2  3  4 |
---------------+-------------+-----
Dodging        | 2 |  2.1
Polearms       | 2 |  2.1
Charms         | 3 |  3.2
Spellcasting   | 2 |  2.4
Armour         | 1 |  1.0
Fighting       | |  2.4
Maces & Flails | |  0.2
Stealth        | |  0.1

Action                   |  1- 3 |  4- 6 || total
-------------------------+-------+-------++-------
Melee: Spear             |    55 |       ||    55
       Kick              |    12 |     5 ||    17
       Whip              |     2 |    35 ||    37
 Cast: Infusion          |     1 |       ||     1
       Song of Slaying   |     2 |       ||     2
Invok: Lunge             |       |     2 ||     2
Evoke: Wand              |     1 |       ||     1
  Use: Potion            |     5 |     1 ||     6
       Scroll            |     2 |     2 ||     4
 Stab: Invisible         |     1 |       ||     1
Armor: Leather armour    |    27 |       ||    27
       Ring mail         |       |     8 ||     8
Dodge: Dodged            |    42 |    20 ||    62
